 Dungeon Crawl Stone Soup version 0.30.0-29-ga12c61a403 (webtiles) character file.

Game seed: 9750963314763065059

6864 Cheops the Covert (level 10, 0/112 HPs)
             Began as an Armataur Earth Elementalist on June 16, 2023.
             Was a Priest of Uskayaw.
             Succumbed to a kobold brigand's poison
             ... on level 9 of the Dungeon.
             The game lasted 01:08:07 (14484 turns).

Cheops the Covert (Armataur Earth Elementalist)    Turns: 14484, Time: 01:08:08

Health: 0/112      AC:  9    Str: 10    XL:     10   Next: 78%
Magic:  13/14      EV: 10    Int: 22    God:    Uskayaw [***...]
Gold:   476        SH:  0    Dex: 18    Spells: 5/15 levels left

rFire   . . .        a - +1 dagger (venom)
rCold   . . .        (no shield)
rNeg    + . .        E - +0 steam dragon scales
rPois   .            (no helmet)
rElec   .            F - +2 cloak {Stlth+}
rCorr   .            (no gloves)
SInv    +            (no barding)
Will    .....        (no amulet) Stlth
                     w - ring of positive energy
HPRegen 0.38/turn    n - ring of see invisible
MPRegen 0.14/turn

%: clarity, roll
@: berserking, lethally poisoned (0 -> -7), very quick
A: large, rugged brown scales 3, deformed body, armoured tail, roll, long
tongue, awkward tongue, agile 2, clarity, clever 1, MP-powered wands
a: Renounce Religion, Stomp, Line Pass


You were on level 9 of the Dungeon.
You worshipped Uskayaw.
Uskayaw was noncommittal.
You visited 1 branch of the dungeon, and saw 9 of its levels.

You collected 556 gold pieces.
You spent 80 gold pieces at shops.

Inventory:

Hand Weapons
 a - a +1 dagger of venom (weapon)
 c - a +1 dagger of electrocution
 d - a +2 long sword of protection
 g - a +4 scimitar of freezing
Armour
 D - the +1 ring mail of Liberalism {rC+ Dex-5 Stlth+}
   (You found it on level 8 of the Dungeon)

   Dex:       It affects your dexterity (-5).
   rC:        It protects you from cold.
   Stlth:     It makes you more stealthy.
 E - +0 steam dragon scales (worn)
 F - a +2 cloak of stealth (worn)
Magical Staves
 b - a staff of conjuration
Jewellery
 n - a ring of see invisible (right hand)
 w - a ring of positive energy (left hand)
Wands
 l - a wand of roots (5)
 r - a wand of charming (8)
 s - a wand of light (12)
 y - a wand of flame (55)
Scrolls
 e - 2 scrolls of noise {unknown}
 i - 2 scrolls of torment
 j - a scroll of fear
 m - 2 scrolls of amnesia {unknown}
 p - a scroll of enchant weapon {unknown}
 q - 2 scrolls of poison {unknown}
 v - a scroll of silence
 B - a scroll of enchant armour
Potions
 f - a potion of brilliance
 h - a potion of berserk rage
 k - 2 potions of flight
 o - 3 potions of magic
 u - a potion of attraction
 x - a potion of invisibility
 z - a potion of resistance
 A - 5 potions of haste
 C - a potion of curing


   Skills:
 - Level 1.0 Fighting
 - Level 3.0 Short Blades
 - Level 3.0 Armour
 - Level 1.3 Dodging
 + Level 12.1 Stealth
 - Level 3.0 Spellcasting
 - Level 6.0 Conjurations
 * Level 5.3 Transmutations
 - Level 7.0 Earth Magic
 - Level 3.0 Invocations
 - Level 2.0 Evocations


You had 5 spell levels left.
You knew the following spells:

 Your Spells              Type           Power      Damage    Failure   Level
a - Sandblast             Erth           68%        2d15      1%          1
b - Stone Arrow           Conj/Erth      62%        3d10      2%          3
p - Petrify               Tmut/Erth      30%        N/A       10%         4
P - Passwall              Tmut/Erth      25%        N/A       1%          2

Your spell library contained the following spells:

 Spells                   Type           Power      Damage    Failure   Level
 Slow                     Hex            12%        N/A       12%         1
 Summon Small Mammal      Summ           12%        N/A       12%         1
 Call Canine Familiar     Summ           3%         N/A       36%         3
 Confusing Touch          Hex            3%         N/A       36%         3
 Summon Guardian Golem    Hex/Summ       3%         N/A       36%         3
 Vampiric Draining        Necr           3%         2d6       36%         3


Dungeon Overview and Level Annotations

Branches:
Dungeon (9/15)             Temple (0/1) D:6             Orc (0/2) D:9
   Lair: D:8-11

Altars:
Ashenzari
Gozag
Qazlal
Ru
Sif Muna
Trog
Uskayaw
Wu Jian
Xom
Zin
The Shining One

Shops:
D:5 **   D:6 (   D:9 *

Annotations:
D:1 scarf


Innate Abilities, Weirdness & Mutations

You are completely covered in rugged brown scales. (AC +3, +7% HP)
Armour fits poorly on your strangely shaped body.
You have a long armoured tail.
You roll when moving toward enemies. (Rampage)
Your long tongue fully drains potion bottles. (2x potion effects)
Your tongue gives you trouble enunciating. (1.5x scroll delay)
You are very agile. (Dex +8, Str/Int -2)
You possess an exceptional clarity of mind.
Your mind is acute. (Int +4, Str/Dex -1)
You expend magic power (3 MP) to strengthen your wands.


Message History

You feel yourself moving faster!
You feel mighty!
You slurp down every last drop of the potion of berserk rage!
* * * LOW HITPOINT WARNING * * *
You feel extremely sick.
The kobold hits you with a +0 short sword.
* * * LOW HITPOINT WARNING * * *
You puncture the kobold!
You kill the kobold!
* * * LOW HITPOINT WARNING * * *
You feel very sick.
You roll towards the kobold!
You puncture the kobold!
You kill the kobold!
* * * LOW HITPOINT WARNING * * *
You feel very sick.
The kobold hits you with a +1 whip of electrocution.
* * * LOW HITPOINT WARNING * * *
The kobold hits you but does no damage.
Uskayaw will force your foes to helplessly watch your dance.
Uskayaw prepares the audience for your solo!
Unknown command.
The helpless kobold fails to defend itself.
You spit the kobold like a pig!!!!
You kill the kobold!
* * * LOW HITPOINT WARNING * * *
You feel very sick.
The helpless kobold fails to defend itself.
You perforate the kobold like a sieve!!!!
You kill the kobold!
* * * LOW HITPOINT WARNING * * *
You feel sick.
You are too berserk!
* * * LOW HITPOINT WARNING * * *
You feel sick.
You feel a strong urge to attack something.
* * * LOW HITPOINT WARNING * * *
You feel sick.
* * * LOW HITPOINT WARNING * * *
You feel sick.
You feel your anger nearly subside.
You die...

#...>...))...........
#......).###.......##
####.#######.......#.
#..##........รทรท...
#..##.............
#.)...........O...
#.#######.........
#)# #........# #@#
########.. #...))).#
.. #.......... ..
#.......##..#
#.......# .#
#.......# #.......#
#.......#


There were no monsters in sight!

Vanquished Creatures
  A two-headed ogre (D:8)
  Pikel (D:7)
  An ugly thing (D:6)
  An unseen horror (D:6)
  Maggie (D:8)
  2 hornets (D:9)
  A wraith (D:9)
  Menkaure (D:7)
  Edmund (D:4)
  2 water moccasins
  Duvessa (D:7)
  2 orc warriors (D:7)
  2 sky beasts (D:7)
  2 ice beasts
  An ogre (D:5)
  3 centaurs
  6 kobold brigands
  Blork the orc (D:4)
  3 bullfrogs
  4 scorpions
  A gnoll sergeant (D:8)
  A wyvern zombie (D:7)
  10 wights
  Dowan (D:7)
  6 howler monkeys
  An electric eel (D:6)
  3 centaur zombies (D:7)
  A jelly (shapeshifter) (D:7)
  3 orc priests
  2 hounds (D:6)
  2 jellies
  A gnoll bouda (D:9)
  5 iguanas
  3 orc wizards
  3 sleepcaps (D:6)
  A killer bee zombie (D:7)
  2 howler monkey zombies (D:7)
  12 gnolls
  7 adders
  A shadow imp (D:4)
  A white imp (D:5)
  An ufetubus (D:5)
  2 dart slugs
  A worm (D:2)
  19 orcs
  5 ball pythons
  5 bats
  6 endoplasms
  4 giant cockroaches
  7 goblins
  5 hobgoblins
  A hobgoblin (shapeshifter) (D:7)
  2 jackals (D:5)
  6 quokkas
  A frilled lizard (D:2)
  27 kobolds
  8 rats
204 creatures vanquished.

Vanquished Creatures (collateral kills)
  An orc priest (D:7)
1 creature vanquished.

Grand Total: 205 creatures vanquished

Notes
Turn   | Place    | Note
-------+----------+-------------------------------------------
     0 | D:1      | Cheops the Armataur Earth Elementalist began the quest for
                  | the Orb.
     0 | D:1      | Reached XP level 1. HP: 14/14 MP: 3/3
   234 | D:1      | Reached XP level 2. HP: 21/21 MP: 0/5
   760 | D:1      | Learned a level 2 spell: Passwall
   919 | D:2      | Reached XP level 3. HP: 24/27 MP: 3/6
   923 | D:2      | Learned a level 3 spell: Stone Arrow
   958 | D:2      | Reached skill level 3 in Stealth
   988 | D:2      | Found a faded altar of an unknown god.
  1745 | D:2      | Reached XP level 4. HP: 35/35 MP: 3/7
  2006 | D:3      | Noticed a scorpion
  2006 | D:3      | Found a glowing silver altar of Zin.
  2013 | D:3      | Killed a scorpion
  2159 | D:3      | Reached XP level 5. HP: 40/40 MP: 4/8
  2254 | D:3      | Reached skill level 4 in Stealth
  2434 | D:3      | Reached skill level 5 in Earth Magic
  2912 | D:4      | Reached skill level 1 in Conjurations
  3106 | D:4      | Noticed Blork the orc
  3197 | D:4      | Noticed a water moccasin
  3202 | D:4      | Killed a water moccasin
  3203 | D:4      | Reached XP level 6. HP: 48/48 MP: 4/9
  3333 | D:4      | Reached skill level 5 in Stealth
  3441 | D:4      | Killed Blork the orc
  3712 | D:4      | Reached XP level 7. HP: 13/53 MP: 0/10
  3957 | D:5      | Entered Level 5 of the Dungeon
  3957 | D:5      | Found Wour's Mass Market.
  4230 | D:4      | Reached skill level 6 in Stealth
  5051 | D:4      | Reached skill level 1 in Fighting
  5051 | D:4      | Reached skill level 1 in Short Blades
  5533 | D:5      | Noticed Edmund
  5546 | D:4      | Killed Edmund
  5547 | D:4      | Reached XP level 8. HP: 9/63 MP: 1/11
  5731 | D:5      | Reached skill level 7 in Stealth
  5978 | D:5      | Reached skill level 1 in Evocations
  6141 | D:5      | Found Inyliw's Fire Supplies.
  6297 | D:5      | Found a hide-covered altar of Uskayaw.
  6319 | D:5      | Became a worshipper of Uskayaw the Reveller
  6497 | D:5      | Found a bloodstained altar of Trog.
  6747 | D:6      | Reached * piety under Uskayaw
  6920 | D:6      | Found an opulent altar of Gozag.
  6988 | D:6      | Found Diklisin's Weapon Shop.
  7042 | D:6      | Identified the +6 sling "Loron" {heavy, *Slow Str+4 Dex+3}
  7100 | D:6      | Reached ** piety under Uskayaw
  7101 | D:6      | Reached skill level 8 in Stealth
  7128 | D:6      | Reached skill level 1 in Transmutations
  7133 | D:6      | Learned a level 4 spell: Petrify
  7154 | D:6      | Noticed a brown ugly thing
  7179 | D:5      | HP: 3/63 [bullfrog (2)]
  7815 | D:6      | Found a sacrificial altar of Ru.
  8122 | D:6      | Killed a brown ugly thing
  8123 | D:6      | Reached skill level 9 in Stealth
  8123 | D:6      | Reached XP level 9. HP: 39/68 MP: 6/13
  8387 | D:6      | Found a staircase to the Ecumenical Temple.
  8788 | D:6      | Found a staircase to the Ecumenical Temple.
  8880 | D:6      | Found an opulent altar of Gozag.
  9005 | D:7      | Noticed Dowan
  9007 | D:7      | Found a stormy altar of Qazlal.
  9007 | D:7      | Noticed Duvessa
  9103 | D:7      | Noticed Menkaure
  9107 | D:7      | Killed Menkaure
  9251 | D:7      | Reached skill level 5 in Transmutations
  9252 | D:7      | Reached *** piety under Uskayaw
  9378 | D:7      | Found a shimmering altar of Xom.
  9378 | D:7      | Found a shimmering altar of Xom.
  9378 | D:7      | Found a shimmering altar of Xom.
  9378 | D:7      | Found a shimmering altar of Xom.
  9378 | D:7      | Found a shimmering altar of Xom.
  9789 | D:7      | Found a broken altar of Ashenzari.
 10310 | D:7      | Killed Dowan
 10532 | D:7      | Noticed Pikel
 10538 | D:7      | Killed Pikel
 10539 | D:7      | Reached skill level 10 in Stealth
 10779 | D:7      | Killed Duvessa
 11082 | D:7      | Reached skill level 1 in Invocations
 11337 | D:7      | Reached XP level 10. HP: 70/75 MP: 11/14
 11402 | D:7      | Found a shimmering altar of Xom.
 11402 | D:7      | Found a shimmering altar of Xom.
 11403 | D:7      | Found a shimmering altar of Xom.
 11403 | D:7      | Found a shimmering altar of Xom.
 11403 | D:7      | Found a shimmering altar of Xom.
 11473 | D:7      | Found a broken altar of Ashenzari.
 11502 | D:7      | Found a stormy altar of Qazlal.
 11797 | D:6      | Found a sacrificial altar of Ru.
 12190 | D:6      | Found Diklisin's Weapon Shop.
 12747 | D:8      | Found a glowing golden altar of the Shining One.
 12777 | D:8      | Identified the +1 ring mail of Liberalism {rC+ Dex-5
                  | Stlth+}
 12801 | D:8      | Noticed Maggie
 12816 | D:8      | Reached skill level 11 in Stealth
 12866 | D:8      | Gained mutation: Your spells are a little harder to cast,
                  | but a little more powerful. [potion of mutation]
 12866 | D:8      | Gained mutation: You are partially covered in iridescent
                  | scales. (AC +2) [potion of mutation]
 12866 | D:8      | Gained mutation: Your mind is acute. (Int +4, Str/Dex -1)
                  | [potion of mutation]
 12881 | D:8      | Gained mutation: You are occasionally teleported next to
                  | monsters. [mutagenic glow]
 12890 | D:8      | Killed Maggie
 12905 | D:8      | Lost mutation: Your spells are a little harder to cast, but
                  | a little more powerful. [potion of mutation]
 12905 | D:8      | Lost mutation: You are partially covered in iridescent
                  | scales. (AC +2) [potion of mutation]
 12905 | D:8      | Lost mutation: You are occasionally teleported next to
                  | monsters. [potion of mutation]
 12905 | D:8      | Lost mutation: Your mind is acute. (Int +4, Str/Dex -1)
                  | [potion of mutation]
 12905 | D:8      | Gained mutation: You are vulnerable to heat. (rF-) [potion
                  | of mutation]
 12905 | D:8      | Gained mutation: Your flesh is cold resistant. (rC+)
                  | [potion of mutation]
 12905 | D:8      | Gained mutation: You are very vulnerable to heat. (rF--)
                  | [potion of mutation]
 12905 | D:8      | Gained mutation: You have a beak for a mouth. [potion of
                  | mutation]
 12906 | D:8      | Lost mutation: You have a beak for a mouth. [potion of
                  | mutation]
 12906 | D:8      | Lost mutation: Your flesh is cold resistant. (rC+) [potion
                  | of mutation]
 12906 | D:8      | Lost mutation: You are very vulnerable to heat. (rF--)
                  | [potion of mutation]
 12906 | D:8      | Lost mutation: You are vulnerable to heat. (rF-) [potion of
                  | mutation]
 12906 | D:8      | Gained mutation: Your tail ends in a venomous barb. [potion
                  | of mutation]
 12906 | D:8      | Gained mutation: You occasionally lose the ability to drink
                  | potions when taking damage. [potion of mutation]
 12906 | D:8      | Lost mutation: Your tail ends in a venomous barb. [potion
                  | of mutation]
 12906 | D:8      | Gained mutation: Your magical capacity is low. (-10% MP)
                  | [potion of mutation]
 12906 | D:8      | Gained mutation: Your flesh is cold resistant. (rC+)
                  | [potion of mutation]
 12907 | D:8      | Lost mutation: Your flesh is cold resistant. (rC+) [potion
                  | of mutation]
 12907 | D:8      | Lost mutation: You occasionally lose the ability to drink
                  | potions when taking damage. [potion of mutation]
 12907 | D:8      | Lost mutation: Your magical capacity is low. (-10% MP)
                  | [potion of mutation]
 12907 | D:8      | Gained mutation: You are dopey. (Int -2) [potion of
                  | mutation]
 12907 | D:8      | Gained mutation: You are clumsy. (Dex -2) [potion of
                  | mutation]
 12907 | D:8      | Gained mutation: You are strong-willed. (Will+) [potion of
                  | mutation]
 12908 | D:8      | Lost mutation: You are strong-willed. (Will+) [potion of
                  | mutation]
 12908 | D:8      | Lost mutation: You are clumsy. (Dex -2) [potion of
                  | mutation]
 12908 | D:8      | Lost mutation: You are dopey. (Int -2) [potion of mutation]
 12908 | D:8      | Gained mutation: You possess an exceptional clarity of
                  | mind. [potion of mutation]
 12908 | D:8      | Gained mutation: You expend magic power (3 MP) to
                  | strengthen your wands. [potion of mutation]
 12908 | D:8      | Gained mutation: Your mind is acute. (Int +4, Str/Dex -1)
                  | [potion of mutation]
 12908 | D:8      | Gained mutation: You are agile. (Dex +4, Str/Int -1)
                  | [potion of mutation]
 12908 | D:8      | Gained mutation: You are very agile. (Dex +8, Str/Int -2)
                  | [potion of mutation]
 13181 | D:8      | Found a shimmering blue altar of Sif Muna.
 13300 | D:8      | Found an ornate altar of the Wu Jian Council.
 13338 | D:8      | Noticed a two-headed ogre
 13342 | D:8      | Killed a two-headed ogre
 13388 | D:8      | Reached **** piety under Uskayaw
 13528 | D:9      | Found Zuokis's Assorted Antiques.
 13529 | D:9      | Found a staircase to the Orcish Mines.
 13542 | D:9      | Bought a scroll of identify for 40 gold pieces
 13542 | D:9      | Bought a scroll of identify for 40 gold pieces
 13720 | D:9      | Reached skill level 5 in Conjurations
 14101 | D:9      | Paralysed by a hornet for 3 turns
 14107 | D:9      | Reached skill level 12 in Stealth
 14425 | D:9      | Noticed a two-headed ogre
 14481 | D:9      | HP: 5/112 [poisoned by a kobold brigand]
 14483 | D:9      | HP: 1/112 [poisoned by a kobold brigand]
 14484 | D:9      | Succumbed to a kobold brigand's poison

Illustrated notes

Levels and vault maps discovered:
D:1:      dpeg_arrival_erosion, layout_rooms, minmay_statues_item,
          serial_bayou_pond_c
D:2:      layout_loops_corners, chequers_ecumenical_altar_island
D:3:      layout_basic, mainiacjoe_overflow_chevrons
D:4:      layout_basic, minmay_strange_pillars, minmay_fractal_squares_5,
          uniq_blork_the_orc
D:5:      layout_cave_pools, lightli_temple_of_fire,
          mainiacjoe_overflow_brackets, serial_bayou, serial_bayou_lake_a,
          serial_bayou_pond_c, serial_bayou_crossing, serial_bayou_ford_a,
          serial_bayou_lagoon_a, minmay_shop_mass, nicolae_shop_fire_sale
          [nicolae_sub_dead_trees], due_unseen_surprise, uniq_edmund
D:6:      kennysheep_big_flooded_room, layout_loops_corners,
          mainiacjoe_overflow_cross_hatched, lemuel_round_altar,
          minmay_temple_entry_arrows, serial_shops, shop
D:7:      layout_rooms, xom_shifter_show, nicolae_qazlal_beasts_of_the_sky,
          nicolae_ashenzari_skybound, serial_undead, serial_undead_b,
          serial_undead_a, serial_undead_c, serial_undead_c, uniq_menkaure,
          uniq_duvessa, uniq_pikel
D:8:      layout_rooms, mainiacjoe_overflow_tiny_flanked,
          nicolae_wu_jian_wuxing_cycle, nicolae_sif_muna_condensation,
          nrook_mini_vaults, amethyst_killhole, minmay_unpleasant_kobolds,
          uniq_maggie
D:9:      layout_basic, kennysheep_little_box, orc_0_dummy, serial_shops, shop

Skill      XL: |  1  2  3  4  5  6  7  8  9 10 |
---------------+-------------------------------+-----
Spellcasting   | 2 3 |  3.0
Earth Magic    | 3 4 5 7 |  7.0
Stealth        | 3 4 5 6 9 10 12 | 12.1
Conjurations   | 2 3 4 6 |  6.0
Fighting       | 1 |  1.0
Short Blades   | 1 3 |  3.0
Evocations     | 2 |  2.0
Transmutations | 4 5 |  5.3
Invocations    | 1 3 |  3.0
Armour         | 3 |  3.0
Dodging        | |  1.3

Action                     |  1- 3 |  4- 6 |  7- 9 | 10-12 || total
---------------------------+-------+-------+-------+-------++-------
  Melee: Short sword       |     3 |       |       |       ||     3
         Tailslap          |     1 |       |     8 |     8 ||    17
         Unarmed           |     1 |       |       |       ||     1
         Dagger            |       |       |    46 |    73 ||   119
         Long sword        |       |       |     7 |       ||     7
         Punch             |       |       |     2 |       ||     2
   Cast: Sandblast         |    55 |    73 |    82 |    31 ||   241
         Stone Arrow       |       |       |    91 |    25 ||   116
         Passwall          |       |       |    21 |       ||    21
         Petrify           |       |       |     9 |     4 ||    13
  Evoke: Wand              |       |     2 |    14 |       ||    16
    Use: Scroll            |       |       |    11 |     7 ||    18
         Potion            |       |       |     2 |    11 ||    13
   Stab: Sleeping          |       |       |     3 |    11 ||    14
         Invisible         |       |       |     1 |       ||     1
         Petrified         |       |       |     7 |     2 ||     9
         Petrifying        |       |       |     1 |       ||     1
         Paralysed         |       |       |       |     3 ||     3
         Distracted        |       |       |       |     1 ||     1
 Armour: Robe              |     9 |     8 |    41 |     4 ||    62
         Steam dragon scal |       |       |       |    49 ||    49
         Ring mail         |       |       |       |     2 ||     2
  Dodge: Dodged            |     8 |    23 |    61 |    49 ||   141
